[Event "Skalica SCHAEFFLER Open 2019"]
[Site "Skalica"]
[Date "2019.08.25"]
[Round "1.1"]
[White "Romanova, Ela"]
[Black "Petkevich, Denis"]
[Result "0-1"]
[ECO "B43"]
[WhiteElo "1337"]
[BlackElo "1863"]
[Annotator "NA"]
[PlyCount "74"]
[EventDate "2019.08.25"]
[EventType "swiss"]
[EventCountry "SVK"]
[SourceTitle "playchess.com"]
[Source "ChessBase"]
[SourceQuality "1"]
[TimeControl "40/5400+30:1800+30"]

1. e4 c5 2. Nf3 e6 3. d4 cxd4 4. Nxd4 a6 5. Nc3 Qc7 6. a3 b5 7. Bd2 Bb7 8. Bd3 Nf6 9. Be3 b4 10. axb4 Bxb4 11. Bd2 Bxc3 12. Bxc3 Nxe4 13. Bxe4 Bxe4 14. Qg4 Bg6 15. O-O O-O 16. h4 h5 17. Qg5 Kh7 18. Rfe1 f6 19. Qd2 e5 20. Nb3 Qc4 21. Qd6 Re8 22. Rac1 Re6 23. Qb4 Qxb4 24. Bxb4 Nc6 25. Bc5 Rb8 26. Red1 Be8 27. Bd6 Rxb3 28. cxb3 Nd4 29. Rxd4 exd4 30. Bc7 Re2 31. Rd1 Rxb2 32. Rxd4 Rxb3 33. Re4 Bf7 34. Ra4 Rc3 35. Bg3 Bc4 36. f3 Rc2 37. Bf2 d5 0-1

[Event "Skalica SCHAEFFLER Open 2019"]
[Site "Skalica"]
[Date "2019.08.25"]
[Round "1.2"]
[White "Ivanov, Alexander"]
[Black "Durana, Jonas"]
[Result "1-0"]
[ECO "C02"]
[WhiteElo "2473"]
[BlackElo "1304"]
[Annotator "ChessBase"]
[PlyCount "44"]
[EventDate "2019.08.25"]
[EventType "swiss"]
[EventCountry "SVK"]
[SourceTitle "playchess.com"]
[Source "ChessBase"]
[SourceQuality "1"]
[TimeControl "40/5400+30:1800+30"]

1. e4 e6 2. d4 d5 3. e5 c5 4. c3 Nc6 5. Nf3 Qb6 6. a3 cxd4 7. cxd4 Nge7 8. Nc3 Nf5 9. Na4 Qc7 10. Be2 Be7 11. g4 Nh6 12. h3 Ng8 13. Be3 f6 14. Rc1 Qb8 15. Bf4 g5 16. Bh2 f5 17. Bb5 Bd7 18. gxf5 exf5 19. e6 Qd8 20. exd7+ Qxd7 21. Ne5 Qd8 22. Qh5+ Kf8 1-0

[Event "Skalica SCHAEFFLER Open 2019"]
[Site "Skalica"]
[Date "2019.08.25"]
[Round "1.3"]
[White "Sprusansky, Ferdinand"]
[Black "Skreko, Igor"]
[Result "0-1"]
[ECO "B90"]
[WhiteElo "1290"]
[BlackElo "1725"]
[Annotator "NA"]
[PlyCount "52"]
[EventDate "2019.08.25"]
[EventType "swiss"]
[EventCountry "SVK"]
[SourceTitle "playchess.com"]
[Source "ChessBase"]
[SourceQuality "1"]
[TimeControl "40/5400+30:1800+30"]

1. e4 c5 2. Nf3 d6 3. d4 cxd4 4. Nxd4 Nf6 5. Nc3 a6 6. h3 e6 7. Bg5 Be7 8. Bc4 Nxe4 9. Bxe7 Nxc3 10. Bxd8 Nxd1 11. Rxd1 Kxd8 12. O-O b5 13. Bb3 Bb7 14. a4 bxa4 15. Bxa4 Kc7 16. Rfe1 Nd7 17. b4 g6 18. b5 Nc5 19. b6+ Kxb6 20. Rb1+ Kc7 21. Bc6 Bxc6 22. Nxc6 Kxc6 23. Rb4 Rhb8 24. Reb1 Rxb4 25. Rxb4 a5 26. Rf4 Ra7 0-1

[Event "Skalica SCHAEFFLER Open 2019"]
[Site "Skalica"]
[Date "2019.08.25"]
[Round "1.4"]
[White "Kastler, Peter"]
[Black "Novomeska, Karin"]
[Result "1-0"]
[ECO "A13"]
[WhiteElo "1724"]
[BlackElo "1269"]
[Annotator "NA"]
[PlyCount "108"]
[EventDate "2019.08.25"]
[EventType "swiss"]
[EventCountry "SVK"]
[SourceTitle "playchess.com"]
[Source "ChessBase"]
[SourceQuality "1"]
[TimeControl "40/5400+30:1800+30"]

1. d4 d5 2. c4 e6 3. e3 Nf6 4. Nf3 c5 5. Nc3 Nc6 6. Be2 Be7 7. O-O O-O 8. b3 b6 9. Bb2 Bb7 10. Rc1 Rc8 11. cxd5 Nxd5 12. Nxd5 Qxd5 13. dxc5 Qxd1 14. Rfxd1 Bxc5 15. Rd7 Rb8 16. Ne5 Nxe5 17. Bxe5 Rfd8 18. Rcd1 Rxd7 19. Rxd7 Bc6 20. Rc7 Be4 21. Rxc5 Rd8 22. Rc4 Bb1 23. a3 h6 24. Kf1 Rd5 25. Bb8 a5 26. Ke1 b5 27. Rc1 Bf5 28. f3 Bd3 29. Rd1 Bc2 30. Rxd5 exd5 31. b4 axb4 32. axb4 Ba4 33. Bd1 Bxd1 34. Kxd1 Kf8 35. Bd6+ Ke8 36. Kd2 g6 37. Kd3 Kd7 38. Bc5 Ke6 39. Kd4 f5 40. Bf8 h5 41. Bg7 Kd6 42. Bh6 Kc6 43. Ke5 h4 44. h3 d4 45. exd4 Kc7 46. Ke6 Kd8 47. d5 Ke8 48. d6 Kd8 49. d7 Kc7 50. Ke7 Kc6 51. d8=Q Kb7 52. Kd6 Ka6 53. Kc6 Ka7 54. Qb6+ Ka8 1-0

[Event "Skalica SCHAEFFLER Open 2019"]
[Site "Skalica"]
[Date "2019.08.25"]
[Round "1.5"]
[White "Kadlcik, Marek"]
[Black "Vach, Jozef"]
[Result "0-1"]
[ECO "D02"]
[WhiteElo "1259"]
[BlackElo "1722"]
[Annotator "NA"]
[PlyCount "143"]
[EventDate "2019.08.25"]
[EventType "swiss"]
[EventCountry "SVK"]
[SourceTitle "playchess.com"]
[Source "ChessBase"]
[SourceQuality "1"]
[TimeControl "40/5400+30:1800+30"]

1. Nf3 Nf6 2. d4 d5 3. Bf4 c6 4. h3 e6 5. e3 c5 6. c3 Nc6 7. Bb5 Bd7 8. O-O a6 9. Be2 Rc8 10. Re1 Be7 11. Nbd2 O-O 12. Bf1 Re8 13. Ne5 Rf8 14. Bd3 Nxe5 15. Bxe5 Bc6 16. Nf3 Ne4 17. Qc2 f5 18. Rac1 c4 19. Bf1 g5 20. Nd2 g4 21. Nxe4 dxe4 22. hxg4 fxg4 23. Bxc4 Bd5 24. Bxd5 exd5 25. Qe2 Qd7 26. c4 Qf5 27. cxd5 Rxc1 28. Rxc1 h5 29. d6 Bh4 30. g3 Bg5 31. Qc4+ Kh7 32. Qe2 Bd8 33. Bf4 Rf7 34. Rc5 Qg6 35. Qc4 h4 36. Qd5 hxg3 37. fxg3 Bf6 38. Qh5+ Qxh5 39. Rxh5+ Kg6 40. Rd5 Rd7 41. Kf1 Kf7 42. Rh5 Kg6 43. Rc5 Bd8 44. Rc7 Rf7 45. Rxf7 Kxf7 46. Ke2 Ba5 47. a3 Ke6 48. b4 Bd8 49. Kd2 Kd5 50. Kc3 b5 51. d7 Kc6 52. Bh6 Kxd7 53. d5 Bf6+ 54. Kb3 Kd6 55. Kc2 Kxd5 56. Bf4 Kc4 57. Bc7 Bc3 58. Bf4 Be1 59. Be5 Bxb4 60. axb4 Kxb4 61. Bc3+ Kc4 62. Ba5 b4 63. Bb6 Kb5 64. Bd4 a5 65. Kb3 a4+ 66. Ka2 Kc4 67. Kb2 Kd3 68. Kc1 Ke2 69. Bc5 Kf3 70. Bxb4 Kxg3 71. Kd2 Kf2 72. Kc2 0-1

[Event "Skalica SCHAEFFLER Open 2019"]
[Site "Skalica"]
[Date "2019.08.25"]
[Round "1.6"]
[White "Krupnova, Anna"]
[Black "Kozusnikova, Daniela"]
[Result "1-0"]
[ECO "D06"]
[WhiteElo "1712"]
[BlackElo "1235"]
[Annotator "NA"]
[PlyCount "123"]
[EventDate "2019.08.25"]
[EventType "swiss"]
[EventCountry "SVK"]
[SourceTitle "playchess.com"]
[Source "ChessBase"]
[SourceQuality "1"]
[TimeControl "40/5400+30:1800+30"]

1. d4 d5 2. c4 Nf6 3. cxd5 Nxd5 4. e4 Nf6 5. Nc3 e6 6. Nf3 Bb4 7. Qa4+ Nc6 8. Bb5 Bxc3+ 9. bxc3 Bd7 10. Qc2 O-O 11. Bd3 e5 12. d5 Ne7 13. Nxe5 Ng6 14. Nxg6 fxg6 15. O-O h6 16. c4 Qe7 17. Bb2 h5 18. e5 Ng4 19. h3 Nxe5 20. Bxe5 Qxe5 21. Bxg6 Rf6 22. Bd3 Qg5 23. Kh2 Raf8 24. Be4 Qh4 25. f3 Bf5 26. Rae1 Qf4+ 27. g3 Qd6 28. c5 Qe5 29. Bxf5 Qxf5 30. Qb3 h4 31. g4 Qf4+ 32. Kh1 Qg3 33. f4 Rxf4 34. Qxg3 hxg3 35. Rxf4 Rxf4 36. Re7 Rd4 37. Rxc7 Rxd5 38. Rxb7 Rxc5 39. Rxa7 Rc2 40. a4 Kf8 41. a5 Ke8 42. Rxg7 Kd8 43. a6 Ra2 44. a7 Kc8 45. a8=Q+ Rxa8 46. Rg8+ Kb7 47. Rxa8 Kxa8 48. g5 Kb8 49. g6 Kc8 50. g7 g2+ 51. Kxg2 Kd7 52. g8=Q Ke7 53. Qg6 Kd7 54. Qf6 Kc7 55. Qe6 Kb7 56. Qd6 Ka7 57. Qb4 Ka6 58. Kf3 Ka7 59. Ke4 Ka6 60. Kd5 Ka7 61. Kc6 Ka8 62. Qb7# 1-0

[Event "Skalica SCHAEFFLER Open 2019"]
[Site "Skalica"]
[Date "2019.08.25"]
[Round "1.7"]
[White "Londinova, Jasmina Marie"]
[Black "Vlcek, Antonin"]
[Result "0-1"]
[ECO "C50"]
[WhiteElo "1231"]
[BlackElo "1686"]
[Annotator "NA"]
[PlyCount "66"]
[EventDate "2019.08.25"]
[EventType "swiss"]
[EventCountry "SVK"]
[SourceTitle "playchess.com"]
[Source "ChessBase"]
[SourceQuality "1"]
[TimeControl "40/5400+30:1800+30"]

1. e4 e5 2. Nf3 Nc6 3. Bc4 Nf6 4. Nc3 Bc5 5. O-O d6 6. h3 O-O 7. d3 Na5 8. Bb3 c6 9. Bg5 Nxb3 10. axb3 Be6 11. Ne2 h6 12. Bh4 g5 13. Bg3 Nh5 14. Kh2 f5 15. exf5 Rxf5 16. d4 exd4 17. Nfxd4 Rf6 18. Nxe6 Rxe6 19. Qd3 Qf6 20. c3 Rae8 21. Rae1 Qe7 22. Qf3 Nxg3 23. fxg3 Rf8 24. Qd3 Bf2 25. Rd1 Rxe2 26. Rb1 Qe4 27. Qxd6 Qxg2+ 28. Kxg2 Bc5+ 29. Kh1 Bxd6 30. g4 Rxf1+ 31. Rxf1 Bf4 32. Rb1 c5 33. Kg1 Kf7 0-1

[Event "Skalica SCHAEFFLER Open 2019"]
[Site "Skalica"]
[Date "2019.08.25"]
[Round "1.8"]
[White "Podskubka, Ondrej"]
[Black "Kozusnik, Roman"]
[Result "1-0"]
[ECO "D02"]
[WhiteElo "1684"]
[BlackElo "1231"]
[Annotator "NA"]
[PlyCount "65"]
[EventDate "2019.08.25"]
[EventType "swiss"]
[EventCountry "SVK"]
[SourceTitle "playchess.com"]
[Source "ChessBase"]
[SourceQuality "1"]
[TimeControl "40/5400+30:1800+30"]

1. Nf3 d5 2. d4 Nf6 3. Bf4 e6 4. e3 Bd6 5. Bg3 c5 6. dxc5 Bxc5 7. c3 O-O 8. Be2 Nc6 9. O-O Ne4 10. Nbd2 Nxg3 11. hxg3 e5 12. b4 Bd6 13. b5 Ne7 14. c4 Bg4 15. cxd5 Nxd5 16. Ne4 Bc7 17. Qb3 Nf6 18. Nxf6+ Qxf6 19. Qc4 Bxf3 20. Bxf3 Qb6 21. a4 a5 22. bxa6 Rxa6 23. Rfb1 Qd6 24. Rxb7 Bd8 25. Rd1 Qf6 26. Rbd7 Be7 27. Rxe7 Qxe7 28. Qxa6 e4 29. Be2 h6 30. Qc6 Qb4 31. Bb5 Kh7 32. Qd6 Rc8 33. Qxb4 1-0

[Event "Skalica SCHAEFFLER Open 2019"]
[Site "Skalica"]
[Date "2019.08.25"]
[Round "1.9"]
[White "Sefcik, Oliver"]
[Black "Hrdlicka, Martin"]
[Result "0-1"]
[ECO "C50"]
[WhiteElo "1198"]
[BlackElo "1661"]
[Annotator "NA"]
[PlyCount "62"]
[EventDate "2019.08.25"]
[EventType "swiss"]
[EventCountry "SVK"]
[SourceTitle "playchess.com"]
[Source "ChessBase"]
[SourceQuality "1"]
[TimeControl "40/5400+30:1800+30"]

1. e4 e5 2. Nf3 Nc6 3. Bc4 Bc5 4. O-O Nf6 5. d3 O-O 6. Bg5 d6 7. h3 Be6 8. Bxe6 fxe6 9. Re1 Qd7 10. c3 Bb6 11. d4 Rad8 12. Qd3 d5 13. dxe5 Nxe4 14. Be3 Nc5 15. Qd1 Qf7 16. b4 Ne4 17. Bxb6 axb6 18. Re2 Qf4 19. Qe1 Rd7 20. Nfd2 Nxe5 21. Nxe4 dxe4 22. Rxe4 Rd1 23. Qxd1 Qxe4 24. Nd2 Qf5 25. Qe2 Nd3 26. Rd1 Qg6 27. f3 Nf4 28. Qf1 Nxh3+ 29. Kh1 Nf4 30. Qg1 Rf5 31. g3 Rh5+ 0-1

[Event "Skalica SCHAEFFLER Open 2019"]
[Site "Skalica"]
[Date "2019.08.25"]
[Round "1.10"]
[White "Vozarova, Adriana"]
[Black "Kaufmanova, Karin"]
[Result "1-0"]
[ECO "C34"]
[WhiteElo "1647"]
[BlackElo "1183"]
[Annotator "NA"]
[PlyCount "70"]
[EventDate "2019.08.25"]
[EventType "swiss"]
[EventCountry "SVK"]
[SourceTitle "playchess.com"]
[Source "ChessBase"]
[SourceQuality "1"]
[TimeControl "40/5400+30:1800+30"]

1. e4 e5 2. f4 exf4 3. Nf3 Nf6 4. Nc3 Bb4 5. e5 Ng4 6. Nd5 Bc5 7. d4 Bb6 8. Bxf4 d6 9. exd6 cxd6 10. Bb5+ Nc6 11. O-O O-O 12. c3 Be6 13. Ne3 a6 14. Ba4 Nxe3 15. Bxe3 Bc4 16. Re1 Bd5 17. Bc2 Bxf3 18. Qxf3 Qh4 19. Bd2 Nxd4 20. cxd4 Bxd4+ 21. Kh1 Be5 22. h3 Rfe8 23. Re4 Qd8 24. Rf1 f6 25. Rh4 h6 26. Qf5 Re7 27. Qh7+ Kf7 28. Bxh6 Kf8 29. Bg6 Rf7 30. Bxf7 Kxf7 31. Qxg7+ Ke6 32. Qg4+ Ke7 33. Bd2 Qd7 34. Rh7+ Kf8 35. Qxd7 Kg8 1-0

[Event "Skalica SCHAEFFLER Open 2019"]
[Site "Skalica"]
[Date "2019.08.26"]
[Round "2.1"]
[White "Skreko, Igor"]
[Black "Benci, Rudolf"]
[Result "*"]
[ECO "A03"]
[WhiteElo "1725"]
[BlackElo "1635"]
[Annotator "NA RC"]
[PlyCount "116"]
[EventDate "2019.08.25"]
[EventType "swiss"]
[EventCountry "SVK"]
[SourceTitle "playchess.com"]
[Source "ChessBase"]
[SourceQuality "1"]
[TimeControl "40/5400+30:1800+30"]

1. f4 d5 2. Nf3 Nf6 3. g3 e6 4. Bg2 c5 5. O-O Nc6 6. e3 Be7 7. b3 O-O 8. Bb2 b6 9. d3 Bb7 10. Nbd2 Qc7 11. Qe2 a5 12. a4 Na7 13. Ne5 Nc8 14. g4 Nd6 15. g5 Nd7 16. Qh5 f6 17. Nxd7 Qxd7 18. gxf6 Bxf6 19. Bxf6 Rxf6 20. Nf3 Nf7 21. Ng5 Nxg5 22. fxg5 Rxf1+ 23. Rxf1 Re8 24. Bh3 Re7 25. g6 hxg6 26. Qxg6 Bc8 27. Qg3 Rf7 28. Rxf7 Kxf7 29. Qf4+ Kg8 30. Qb8 Qc6 31. Qe5 c4 32. Qc3 Qc5 33. dxc4 dxc4 34. bxc4 Qg5+ 35. Bg2 Bb7 36. Qd2 Bxg2 37. Qxg2 Qxe3+ 38. Qf2 Qxf2+ 39. Kxf2 Kf7 40. Kf3 Ke7 41. Ke4 Kd6 42. c3 e5 43. h4 g6 44. Kd3 Ke6 45. Ke4 Kd6 46. Kd3 Kc5 47. Ke4 Kxc4 48. Kxe5 b5 49. axb5 Kxb5 50. Kd5 a4 51. c4+ Kb6 52. Kd6 a3 53. c5+ Kb5 54. c6 a2 55. c7 a1=Q 56. c8=Q Qd4+ 57. Kc7 Qb6+ 58. Kd7 Qd4+ *

[Event "Skalica SCHAEFFLER Open 2019"]
[Site "Skalica"]
[Date "2019.08.26"]
[Round "2.2"]
[White "Visvader, Kristof"]
[Black "Kastler, Peter"]
[Result "0-1"]
[ECO "C02"]
[WhiteElo "1389"]
[BlackElo "1724"]
[Annotator "NA RC"]
[PlyCount "47"]
[EventDate "2019.08.25"]
[EventType "swiss"]
[EventCountry "SVK"]
[SourceTitle "playchess.com"]
[Source "ChessBase"]
[SourceQuality "1"]
[TimeControl "40/5400+30:1800+30"]

1. e4 e6 2. d4 d5 3. e5 c5 4. c3 Qb6 5. Nf3 Nc6 6. a3 Bd7 7. b4 cxd4 8. cxd4 a6 9. Bb2 Na7 10. Bc3 Nb5 11. Bxb5 Bxb5 12. Nfd2 Rc8 13. Nb3 Ba4 14. O-O Qb5 15. Ra2 Ne7 16. Rb2 Nf5 17. Qd2 Bxb3 18. Rxb3 Be7 19. Rd1 O-O 20. Qd3 Qa4 21. Rb2 Rc4 22. Qc2 Qc6 23. Qd2 Rc8 24. Rb3 0-1

[Event "Skalica SCHAEFFLER Open 2019"]
[Site "Skalica"]
[Date "2019.08.26"]
[Round "2.3"]
[White "Vach, Jozef"]
[Black "Delgerdalai, Bayarjavkhlan"]
[Result "1/2-1/2"]
[ECO "D43"]
[WhiteElo "1722"]
[BlackElo "1460"]
[Annotator "NA RC"]
[PlyCount "57"]
[EventDate "2019.08.25"]
[EventType "swiss"]
[EventCountry "SVK"]
[SourceTitle "playchess.com"]
[Source "ChessBase"]
[SourceQuality "1"]
[TimeControl "40/5400+30:1800+30"]

1. d4 d5 2. c4 e6 3. Nc3 Nf6 4. Nf3 c6 5. a4 Bd6 6. e3 Nbd7 7. c5 Bc7 8. b4 O-O 9. Bd3 e5 10. dxe5 Nxe5 11. Be2 Bg4 12. O-O Bxf3 13. Bxf3 Nxf3+ 14. Qxf3 Be5 15. Bb2 Qc7 16. h3 Ne4 17. Rfc1 Nd2 18. Qd1 Nc4 19. Rab1 Rad8 20. Ba1 Rfe8 21. Qe2 Re6 22. Nd1 Rg6 23. Bxe5 Nxe5 24. Nb2 Nd7 25. Rd1 Nf6 26. Rd4 Ne4 27. Rc1 Qc8 28. Kh2 Qc7+ 29. Kg1 1/2-1/2

[Event "Skalica SCHAEFFLER Open 2019"]
[Site "Skalica"]
[Date "2019.08.26"]
[Round "2.5"]
[White "Vlcek, Antonin"]
[Black "Gres, Michal"]
[Result "1-0"]
[ECO "C42"]
[WhiteElo "1686"]
[BlackElo "1410"]
[Annotator "NA RC"]
[PlyCount "57"]
[EventDate "2019.08.25"]
[EventType "swiss"]
[EventCountry "SVK"]
[SourceTitle "playchess.com"]
[Source "ChessBase"]
[SourceQuality "1"]
[TimeControl "40/5400+30:1800+30"]

1. e4 e5 2. Nf3 Nf6 3. Nxe5 d6 4. Nf3 Nxe4 5. Qe2 Qe7 6. d3 Nf6 7. Nc3 Nc6 8. Bg5 Be6 9. O-O-O d5 10. d4 O-O-O 11. Qb5 h6 12. Bh4 g5 13. Bg3 Bg7 14. Ne5 Nxe5 15. Bxe5 Ne4 16. Nxe4 Bxe5 17. Nc5 Bf4+ 18. Kb1 c6 19. Qa4 a6 20. Bxa6 bxa6 21. Qxa6+ Kc7 22. g3 Bg4 23. Rde1 Be6 24. gxf4 Rb8 25. f5 Ra8 26. Qb7+ Kd6 27. Qxe7+ Kxe7 28. fxe6 f6 29. Re3 1-0

[Event "Skalica SCHAEFFLER Open 2019"]
[Site "Skalica"]
[Date "2019.08.26"]
[Round "2.6"]
[White "Tutkova, Ludmila"]
[Black "Podskubka, Ondrej"]
[Result "0-1"]
[ECO "B22"]
[WhiteElo "1085"]
[BlackElo "1684"]
[Annotator "NA RC"]
[PlyCount "72"]
[EventDate "2019.08.25"]
[EventType "swiss"]
[EventCountry "SVK"]
[SourceTitle "playchess.com"]
[Source "ChessBase"]
[SourceQuality "1"]
[TimeControl "40/5400+30:1800+30"]

1. e4 c5 2. Bc4 Nc6 3. Nf3 g6 4. c3 Bg7 5. d4 cxd4 6. cxd4 d6 7. Nc3 Nf6 8. e5 dxe5 9. dxe5 Qxd1+ 10. Kxd1 Ng4 11. Ne4 Ngxe5 12. Nxe5 Bxe5 13. Ng5 O-O 14. f4 Bg4+ 15. Ke1 Bg7 16. h3 Bd7 17. g4 Nd4 18. Kf2 Bc6 19. Rh2 e6 20. h4 h6 21. Nh3 Nf3 22. Rh1 Ne5 23. Rg1 Nxc4 24. Kg3 Rad8 25. h5 Rd3+ 26. Kh2 Nxb2 27. Rb1 Nc4 28. g5 Nd2 29. Bxd2 Rxd2+ 30. Kg3 Rfd8 31. hxg6 R8d3+ 32. Kh4 Rh2 33. gxf7+ Kxf7 34. g6+ Kf8 35. Rg3 Bf6+ 36. Kg4 h5+ 0-1

[Event "Skalica SCHAEFFLER Open 2019"]
[Site "Skalica"]
[Date "2019.08.26"]
[Round "2.7"]
[White "Krakovsky Peter"]
[Black "Benci, Jozef"]
[Result "1-0"]
[ECO "A29"]
[WhiteElo "1000"]
[BlackElo "1868"]
[Annotator "NA"]
[PlyCount "145"]
[EventDate "2019.08.25"]
[EventType "swiss"]
[EventCountry "SVK"]
[SourceTitle "playchess.com"]
[Source "ChessBase"]
[SourceQuality "1"]
[TimeControl "40/5400+30:1800+30"]

1. c4 e5 2. Nc3 Nf6 3. g3 Bc5 4. Bg2 Nc6 5. d3 O-O 6. Nf3 d6 7. O-O Bg4 8. Bg5 h6 9. Bxf6 Qxf6 10. Ne4 Qe6 11. Nxc5 dxc5 12. Qc2 Ne7 13. Rfe1 Ng6 14. Nd2 c6 15. Ne4 b6 16. Qa4 Ne7 17. f3 Bf5 18. Rab1 a5 19. Nc3 Rfb8 20. e4 Bg6 21. Qc2 b5 22. cxb5 cxb5 23. b3 c4 24. dxc4 bxc4 25. Red1 f5 26. Nd5 Nxd5 27. Rxd5 cxb3 28. Rxb3 Rxb3 29. Qxb3 Bf7 30. Qb7 Qc8 31. Qxc8+ Rxc8 32. Rxa5 Rc1+ 33. Kf2 Rc2+ 34. Kf1 Rxa2 35. Rxa2 Bxa2 36. exf5 Bc4+ 37. Kf2 Kf7 38. Ke3 Bd5 39. Bf1 Kf6 40. Bd3 Ke7 41. Be4 Bc4 42. h4 h5 43. g4 Bf7 44. g5 Be8 45. Kd3 Kd6 46. Kc4 Bf7+ 47. Kb5 Be8+ 48. Kb6 Ba4 49. Ka5 Be8 50. Kb4 Bf7 51. Kc3 Kc5 52. Kd3 Bc4+ 53. Ke3 Ba2 54. f4 exf4+ 55. Kxf4 Kd6 56. Bf3 Bf7 57. g6 Ba2 58. Bxh5 Ke7 59. Kg5 Bg8 60. Bf3 Ba2 61. h5 Bb1 62. Bd5 Kd6 63. Be6 Ke5 64. h6 gxh6+ 65. Kxh6 Bxf5 66. Bxf5 Kf6 67. g7 Kxf5 68. g8=Q Kf6 69. Qg4 Ke5 70. Kg6 Kd5 71. Qe2 Kd4 72. Kf5 Kd5 73. Qd3+ 1-0

[Event "Skalica SCHAEFFLER Open 2019"]
[Site "Skalica"]
[Date "2019.08.26"]
[Round "2.8"]
[White "Fizerova, Lucie"]
[Black "Polozov Yaroslavl"]
[Result "1-0"]
[ECO "B15"]
[WhiteElo "1563"]
[BlackElo "1000"]
[Annotator "NA RC"]
[PlyCount "67"]
[EventDate "2019.08.25"]
[EventType "swiss"]
[EventCountry "SVK"]
[SourceTitle "playchess.com"]
[Source "ChessBase"]
[SourceQuality "1"]
[TimeControl "40/5400+30:1800+30"]

1. e4 c6 2. d4 d5 3. Nd2 dxe4 4. Nxe4 Nf6 5. Nxf6+ exf6 6. Nf3 Bd6 7. Bd3 O-O 8. Be3 Be6 9. h4 h5 10. Nh2 Qa5+ 11. c3 Na6 12. Be2 g6 13. g4 hxg4 14. Nxg4 Kg7 15. Bh6+ Kh7 16. Bxf8 Rxf8 17. Nxf6+ Kg7 18. d5 Kxf6 19. dxe6 Kxe6 20. Bc4+ Kd7 21. Qd2 Qe5+ 22. Qe3 Qf5 23. Kf1 Kc7 24. Rd1 Rd8 25. Bxa6 bxa6 26. Qxa7+ Kc8 27. Qxa6+ Kc7 28. Qe2 Rd7 29. h5 Re7 30. Qd3 Qe6 31. h6 Qf6 32. Qxd6+ Qxd6 33. Rxd6 Kxd6 34. h7 1-0

[Event "Skalica SCHAEFFLER Open 2019"]
[Site "Skalica"]
[Date "2019.08.26"]
[Round "2.9"]
[White "Londin, Lukas Vojtech"]
[Black "Bartos, Bohumil"]
[Result "1-0"]
[ECO "B12"]
[WhiteElo "1415"]
[BlackElo "1548"]
[Annotator "NA RC"]
[PlyCount "63"]
[EventDate "2019.08.25"]
[EventType "swiss"]
[EventCountry "SVK"]
[SourceTitle "playchess.com"]
[Source "ChessBase"]
[SourceQuality "1"]
[TimeControl "40/5400+30:1800+30"]

1. e4 c6 2. d4 d5 3. f3 Qc7 4. Nc3 e6 5. Be3 Nd7 6. a3 a5 7. exd5 exd5 8. Bd3 Bd6 9. g3 Ndf6 10. Nge2 Ne7 11. Bf4 Ng6 12. Bxd6 Qxd6 13. Qd2 O-O 14. O-O-O b5 15. h4 b4 16. Na4 bxa3 17. b3 Qb4 18. Qxb4 axb4 19. h5 Ne7 20. g4 g6 21. Nf4 Nxg4 22. fxg4 Bxg4 23. Rde1 Nf5 24. Rhg1 Nxd4 25. Rxg4 c5 26. Nxd5 Ra7 27. h6 Rfa8 28. Nf6+ Kh8 29. Rge4 Ne6 30. Bc4 Rxa4 31. bxa4 Rxa4 32. Bxe6 1-0

[Event "Skalica SCHAEFFLER Open 2019"]
[Site "Skalica"]
[Date "2019.08.26"]
[Round "3.1"]
[White "Palka, Miroslav"]
[Black "Fizerova, Lucie"]
[Result "1/2-1/2"]
[ECO "A36"]
[WhiteElo "1869"]
[BlackElo "1563"]
[Annotator "NA"]
[PlyCount "95"]
[EventDate "2019.08.25"]
[EventType "swiss"]
[EventCountry "SVK"]
[SourceTitle "playchess.com"]
[Source "ChessBase"]
[SourceQuality "1"]
[TimeControl "40/5400+30:1800+30"]

1. c4 c5 2. Nc3 Nc6 3. g3 g6 4. Bg2 Bg7 5. e4 e5 6. d3 d6 7. Nge2 Nge7 8. O-O O-O 9. h3 Kh8 10. Kh2 a6 11. Be3 Nd4 12. Qd2 Rb8 13. f4 f5 14. fxe5 dxe5 15. Nd5 Nxd5 16. cxd5 b6 17. Nxd4 cxd4 18. Bh6 Rb7 19. Bxg7+ Kxg7 20. Rac1 Rc7 21. Rxc7+ Qxc7 22. Rc1 Qd8 23. Qc2 Kh8 24. Qe2 f4 25. gxf4 Rxf4 26. Rf1 Qf6 27. Rf3 Rxf3 28. Qxf3 Qxf3 29. Bxf3 h5 30. h4 Kg8 31. Bd1 Bd7 32. Bb3 Kf8 33. Kg3 Ke7 34. Kf2 Kd6 35. Bd1 Bb5 36. Ke2 Bd7 37. Kd2 b5 38. Bf3 a5 39. Bg2 Ke7 40. a3 Kf6 41. b4 a4 42. Ke2 g5 43. hxg5+ Kxg5 44. Kf2 Kf4 45. Bf3 h4 46. Bh5 Kg5 47. Bf7 Kf6 48. Bh5 1/2-1/2

[Event "Skalica SCHAEFFLER Open 2019"]
[Site "Skalica"]
[Date "2019.08.26"]
[Round "3.2"]
[White "Delgerdalai, Bayarjavkhlan"]
[Black "Skreko, Igor"]
[Result "0-1"]
[ECO "B95"]
[WhiteElo "1460"]
[BlackElo "1725"]
[Annotator "NA"]
[PlyCount "106"]
[EventDate "2019.08.25"]
[EventType "swiss"]
[EventCountry "SVK"]
[SourceTitle "playchess.com"]
[Source "ChessBase"]
[SourceQuality "1"]
[TimeControl "40/5400+30:1800+30"]

1. e4 c5 2. Nf3 d6 3. d4 cxd4 4. Nxd4 Nf6 5. Nc3 a6 6. Bg5 e6 7. Be2 Be7 8. Qd2 Qc7 9. O-O h6 10. Be3 Nc6 11. f4 Rb8 12. a4 O-O 13. Bf3 Bd7 14. Rae1 Rfc8 15. Nxc6 Bxc6 16. f5 e5 17. Bf2 b5 18. axb5 axb5 19. Nb1 b4 20. Re3 Nd7 21. Rb3 Bg5 22. Be3 Ba4 23. Bxg5 Bxb3 24. Bxh6 gxh6 25. cxb3 Kh7 26. Rd1 Rb6 27. Qd5 Qc5+ 28. Qxc5 Nxc5 29. Nd2 Ra6 30. Be2 Ra2 31. Rb1 Rca8 32. Kf2 Ra1 33. Rxa1 Rxa1 34. Bc4 Kg7 35. Ke2 Ra2 36. Bd5 Rxb2 37. Ke3 Kf6 38. Ke2 h5 39. h4 Nd7 40. Ke3 Nb6 41. Bc6 Rc2 42. Bb5 Rc3+ 43. Kf2 Rc2 44. Ke2 d5 45. Bd3 Rb2 46. Ke3 dxe4 47. Bxe4 Nc8 48. Bd5 Nd6 49. Ne4+ Nxe4 50. Bxe4 Rxb3+ 51. Kd2 Rb2+ 52. Kd3 Rf2 53. Ke3 Rxf5 0-1

[Event "Skalica SCHAEFFLER Open 2019"]
[Site "Skalica"]
[Date "2019.08.26"]
[Round "3.3"]
[White "Hrdlicka, Martin"]
[Black "Londin, Lukas Vojtech"]
[Result "0-1"]
[ECO "B00"]
[WhiteElo "1661"]
[BlackElo "1415"]
[Annotator "NA"]
[PlyCount "64"]
[EventDate "2019.08.25"]
[EventType "swiss"]
[EventCountry "SVK"]
[SourceTitle "playchess.com"]
[Source "ChessBase"]
[SourceQuality "1"]
[TimeControl "40/5400+30:1800+30"]

1. e4 b6 2. d4 e6 3. Nc3 Bb7 4. Nf3 Bb4 5. Bd3 Nf6 6. Qe2 c5 7. Bd2 Bxc3 8. Bxc3 c4 9. Bxc4 Nxe4 10. Bb4 d6 11. O-O O-O 12. Bd3 Nf6 13. c4 Nc6 14. Bd2 Ne7 15. b4 Qc7 16. Rfc1 Rac8 17. a4 Ba6 18. b5 Bb7 19. a5 Ng6 20. Qe3 Qd7 21. Ra2 Ra8 22. a6 Bxf3 23. Qxf3 Rac8 24. Rac2 e5 25. c5 dxc5 26. dxc5 bxc5 27. Rxc5 Rxc5 28. Rxc5 e4 29. Bxe4 Nxe4 30. Qxe4 Qxd2 31. h3 Qd1+ 32. Kh2 Qd6+ 0-1

[Event "Skalica SCHAEFFLER Open 2019"]
[Site "Skalica"]
[Date "2019.08.26"]
[Round "3.4"]
[White "Vozarova, Adriana"]
[Black "Matusina, Miroslav"]
[Result "1-0"]
[ECO "B01"]
[WhiteElo "1647"]
[BlackElo "1644"]
[Annotator "NA"]
[PlyCount "73"]
[EventDate "2019.08.25"]
[EventType "swiss"]
[EventCountry "SVK"]
[SourceTitle "playchess.com"]
[Source "ChessBase"]
[SourceQuality "1"]
[TimeControl "40/5400+30:1800+30"]

1. e4 d5 2. exd5 Qxd5 3. Nc3 Qa5 4. d4 c6 5. Nf3 Nf6 6. Bd3 Bg4 7. O-O Qc7 8. Ne4 Nbd7 9. Ng3 e6 10. h3 Bxf3 11. Qxf3 h6 12. Re1 O-O-O 13. c3 g5 14. b4 Bd6 15. b5 cxb5 16. Bxb5 Rhg8 17. c4 g4 18. hxg4 Nxg4 19. Ne4 Bb4 20. Bf4 e5 21. Reb1 exf4 22. Rxb4 Nb6 23. c5 Nd5 24. Nd6+ Rxd6 25. cxd6 Qxd6 26. Rc4+ Kb8 27. Rac1 f5 28. Rc5 Ngf6 29. Qb3 Rd8 30. Qc2 Nb6 31. Rxf5 Nfd5 32. Qc5 a6 33. Qxd6+ Rxd6 34. Be2 Ka7 35. Bf3 Nb4 36. a3 Nd3 37. Rc7 1-0